 Dungeon Crawl Stone Soup version 0.28-a0-1518-gbe868bca14 (webtiles) character file.

Game seed: 8961925662690827472

484 croobank the Covert (level 7, -7/54 HPs)
             Began as a Gnoll Delver on Jan 16, 2022.
             Was a Believer of Hepliaklqana.
             Mangled by an ogre (19 damage)
             ... on level 6 of the Dungeon.
             The game lasted 00:21:33 (3453 turns).

croobank the Covert (Gnoll Delver)                  Turns: 3453, Time: 00:21:34

Health: -7/54      AC:  7    Str: 17    XL:     7   Next: 12%
Magic:  10/10      EV: 12    Int: 11    God:    Hepliaklqana [**....]
Gold:   163        SH:  7    Dex: 14    Spells: 8/10 levels left

rFire   . . .      SeeInvis .   a - +4 hand axe (freeze)
rCold   . . .      Faith    .   t - +3 buckler
rNeg    . . .      Spirit   .   p - +0 ring mail
rPois   .          Reflect  .   (no helmet)
rElec   .          Harm     .   j - scarf {repulsion}
rCorr   .          Rampage  .   I - +1 Delatra's gloves {ID++}
Will    .....                   (no boots)
Stlth   ++++......              (no amulet)
HPRegen 0.18/turn               n - ring of wizardry
MPRegen 0.12/turn               K - +6 ring of strength

@: repel missiles
A: reduced essence, fangs 1, strong nose, distributed training
a: Renounce Religion, Recall Ancestor, Ancestor Identity


You were on level 6 of the Dungeon.
You worshipped Hepliaklqana.
Hepliaklqana was pleased with you.
You visited 2 branches of the dungeon, and saw 7 of its levels.

You collected 163 gold pieces.

Inventory:

Hand Weapons
 a - a +4 hand axe of freezing (weapon)
 y - a +0 short sword
 F - a +0 battleaxe
 G - a +0 hand axe
 H - a +3 dagger of venom
Missiles
 g - 19 sling bullets
 h - 163 stones
 l - 2 boomerangs (quivered)
 A - 22 arrows
 D - a throwing net
Armour
 b - a +0 leather armour
 i - the +2 pair of gloves of Purpose {rPois Will+ Int+3}
   (You acquired it on level 3 of the Dungeon)

   Int:       It affects your intelligence (+3).
   rPois:     It protects you from poison.
   Will:      It increases your willpower.
 j - a scarf of repulsion (worn)
 p - a +0 ring mail (worn)
 t - a +3 buckler (worn)
 z - a +0 chain mail
 I - the +1 Delatra's gloves (worn) {ID++}
   (You found it on level 5 of the Dungeon)

   It heals its wearer when they drink unknown potions.
   It restores its wearer's MP when they read unknown scrolls.
Magical Staves
 E - a staff of death
Jewellery
 n - a ring of wizardry (left hand)
 K - a +6 ring of strength (right hand)
Scrolls
 c - a scroll of fog
 e - a scroll of fear
 k - 2 scrolls of enchant armour
 r - a scroll of silence {unknown}
 s - 2 scrolls of teleportation
 u - a scroll of summoning {unknown}
 w - a scroll of vulnerability {unknown}
 x - a scroll of blinking {unknown}
 B - a scroll of magic mapping
 C - a scroll of identify {unknown}
 J - a scroll of immolation {unknown}
Potions
 d - a potion of curing
 f - a potion of haste
 m - a potion of mutation {unknown}
 o - a potion of heal wounds {unknown}
 q - a potion of lignification {unknown}
 v - 2 potions of berserk rage {unknown}


   Skills:
 + Level 7.0 Fighting
 + Level 2.3 Short Blades
 + Level 2.3 Long Blades
 + Level 5.1 Axes
 + Level 2.3 Maces & Flails
 + Level 2.3 Polearms
 + Level 2.3 Staves
 + Level 2.3 Slings
 + Level 2.3 Bows
 + Level 2.3 Crossbows
 + Level 2.3 Throwing
 + Level 2.3 Armour
 + Level 5.1 Dodging
 + Level 9.9 Stealth
 + Level 2.3 Shields
 + Level 2.3 Unarmed Combat
 + Level 2.3 Spellcasting
 + Level 1.8 Conjurations
 + Level 1.8 Hexes
 + Level 1.8 Summonings
 + Level 1.8 Necromancy
 + Level 1.8 Translocations
 + Level 1.8 Transmutations
 + Level 1.8 Fire Magic
 + Level 1.8 Ice Magic
 + Level 1.8 Air Magic
 + Level 1.8 Earth Magic
 + Level 1.8 Poison Magic
 + Level 2.5 Invocations
 + Level 2.3 Evocations


You had 8 spell levels left.
You knew the following spells:

 Your Spells              Type           Power      Damage    Failure   Level
a - Wereblood             Tmut           5%         N/A       19%         2

Your spell library contained the following spells:

 Spells                   Type           Power      Damage    Failure   Level
 Sublimation of Blood     Necr           5%         N/A       19%         2
 Summon Hydra             Summ           2%         N/A       100%        7


Dungeon Overview and Level Annotations

Branches:
Dungeon (6/15)             Temple (1/1) D:5

Altars:
Fedhas
Hepliaklqana
Qazlal
Wu Jian


Innate Abilities, Weirdness & Mutations

Your life essence is reduced to manifest your ancestor. (-10% HP)
You have very sharp teeth.
Your uncanny sense of smell can sniff out nearby items.
Your experience applies equally to all skills.


Message History

Found 19 sling bullets.
A bullfrog comes into view.
Search for what [? for help]? bullert Can't find anything matching that.
Search for what [Enter for "bullert", or ? for help]? bullet A bullfrog is nearby!
The bullfrog gives a loud, deep croak!
You block the bullfrog's attack.
You barely miss the bullfrog. You bite the bullfrog.
The bullfrog is lightly wounded.
You block the bullfrog's attack.
Andrew Joseph gestures at the bullfrog while chanting.
The puff of frost hits the bullfrog!
You block the bullfrog's attack.
You hit the bullfrog. You freeze the bullfrog.
The bullfrog is severely wounded.
Andrew Joseph points at the bullfrog and mumbles some strange words.
The puff of frost hits the bullfrog!
The bullfrog dies!
Your Fighting skill increases to level 7!
You have reached level 7!
Andrew Joseph remembers more of his old skill.
Search for what [Enter for "bullet", or ? for help]?
You swap places.
Found a club.
An ogre comes into view. It is wielding a +0 giant club.
The ogre shouts!
You see here 19 sling bullets.
g - 19 sling bullets
Found 20 stones and 9 gold pieces.
The ogre hits you with a +0 giant club!
You completely miss the ogre. You hit the ogre. You freeze the ogre.
The ogre is lightly wounded.
The ogre hits you with a +0 giant club!!
Ouch! That really hurt!
* * * LOW HITPOINT WARNING * * *
Andrew Joseph hits the ogre with a +0 quarterstaff!
You barely miss the ogre. Your bite misses the ogre.
The ogre is heavily wounded.
The ogre hits you with a +0 giant club!!
You die...

#......#...#.######
#........#.#.#
#......###.#.#
##.....# #.#.#
#.....###.#.###.#
##...<...........
#........#.###.#
#...>...........
..####.#@R...#.
#.#.O...#
..........#
#.)......###
#........#
#.......#..
#........###
.$(...#.##


You could see the friendly Andrew Joseph the battlemage and an ogre (ally
target).

Vanquished Creatures
  A jelly (D:4)
  An adder (D:4)
  A worm (D:2)
  4 dart slugs
  3 orcs (D:5)
  6 bats
  7 endoplasms
  2 giant cockroaches
  3 goblins
  7 hobgoblins
  4 jackals
  A quokka (D:3)
  7 ball pythons
  5 frilled lizards
  3 kobolds
  5 rats
60 creatures vanquished.

Vanquished Creatures (collateral kills)
  A water moccasin (D:4)
  An orc warrior (D:5)
  A bullfrog (D:6)
  A hound (D:5)
  2 orc wizards (D:5)
  2 adders
  A worm (D:2)
  6 orcs (D:5)
  A bat (D:3)
  2 goblins (D:2)
  A rat (D:2)
19 creatures vanquished.

Vanquished Creatures (others)
  A battlemage (D:4)
  15 plants (D:4)
16 creatures vanquished.

Grand Total: 95 creatures vanquished

Notes
Turn   | Place    | Note
-------+----------+-------------------------------------------
     0 | D:5      | Reached skill level 9 in Stealth
     0 | D:5      | croobank the Gnoll Delver began the quest for the Orb.
     0 | D:5      | Reached XP level 1. HP: 23/23 MP: 1/1
    22 | D:5      | Found a staircase to the Ecumenical Temple.
    55 | Temple   | Entered the Ecumenical Temple
    58 | Temple   | Became a worshipper of Hepliaklqana the Forgotten
   256 | D:4      | Noticed an ogre
   266 | D:4      | Noticed a jelly
   303 | D:4      | Reached XP level 2. HP: 23/29 MP: 2/2
   570 | D:1      | Reached XP level 3. HP: 35/35 MP: 3/3
   641 | D:1      | Learned a level 2 spell: Wereblood
   701 | D:1      | Reached skill level 1 in Invocations
   942 | D:1      | Found a faded altar of an unknown god.
  1157 | D:1      | Reached skill level 1 in Short Blades
  1157 | D:1      | Reached skill level 1 in Long Blades
  1157 | D:1      | Reached skill level 1 in Maces & Flails
  1157 | D:1      | Reached skill level 1 in Polearms
  1157 | D:1      | Reached skill level 1 in Staves
  1157 | D:1      | Reached skill level 1 in Slings
  1157 | D:1      | Reached skill level 1 in Bows
  1157 | D:1      | Reached skill level 1 in Crossbows
  1157 | D:1      | Reached skill level 1 in Throwing
  1157 | D:1      | Reached skill level 1 in Armour
  1157 | D:1      | Reached skill level 1 in Shields
  1157 | D:1      | Reached skill level 1 in Unarmed Combat
  1157 | D:1      | Reached skill level 1 in Spellcasting
  1157 | D:1      | Reached skill level 1 in Evocations
  1219 | D:1      | Reached * piety under Hepliaklqana
  1389 | D:2      | Reached XP level 4. HP: 36/36 MP: 5/5
  2154 | D:3      | Identified a scroll of acquirement
  2154 | D:3      | Acquired the +2 pair of gloves of Purpose {rPois Will+
                  | Int+3}
  2242 | D:3      | Reached ** piety under Hepliaklqana
  2243 | D:3      | Remembered your ancestor Andrew Joseph as a battlemage
  2471 | D:3      | Reached skill level 1 in Conjurations
  2471 | D:3      | Reached skill level 1 in Hexes
  2471 | D:3      | Reached skill level 1 in Summonings
  2471 | D:3      | Reached skill level 1 in Necromancy
  2471 | D:3      | Reached skill level 1 in Translocations
  2471 | D:3      | Reached skill level 1 in Transmutations
  2471 | D:3      | Reached skill level 1 in Fire Magic
  2471 | D:3      | Reached skill level 1 in Ice Magic
  2471 | D:3      | Reached skill level 1 in Air Magic
  2471 | D:3      | Reached skill level 1 in Earth Magic
  2471 | D:3      | Reached skill level 1 in Poison Magic
  2583 | D:4      | Reached XP level 5. HP: 42/42 MP: 5/7
  2603 | D:4      | Noticed a water moccasin
  2610 | D:4      | Killed a water moccasin
  2611 | D:4      | Reached XP level 6. HP: 45/47 MP: 8/8
  2714 | D:5      | Noticed an orc warrior
  2725 | D:5      | Killed an orc warrior
  2726 | D:5      | Reached skill level 5 in Axes
  2726 | D:5      | Reached skill level 5 in Dodging
  2754 | D:5      | Found the +1 Delatra's gloves {ID++}
  2896 | D:5      | Found a stormy altar of Qazlal.
  2923 | D:5      | Found an ornate altar of the Wu Jian Council.
  3429 | D:6      | Reached XP level 7. HP: 54/54 MP: 10/10
  3453 | D:6      | Mangled by an ogre

Illustrated notes

Levels and vault maps discovered:
D:1:      amcnicky_arrival_choice, layout_basic, shapermc_ecumenical_altar_venn
D:2:      layout_basic, serial_corexii_hall, chequers_hall_statues_y,
          corexii_hall_statues_i, corexii_hall_statues_l, corexii_hall_statues_x
D:3:      layout_rooms, skrybe_limestone_x, kennysheep_generic_room_12
D:4:      layout_loops_ring, serial_bayou_lake_a
D:5:      layout_basic, kennysheep_little_box, nicolae_wu_jian_glorious_leap,
          temple_pool_b, pf_guarded_unrand_delatra
D:6:      minmay_skewed_foursquare, layout_loops_ring, uniq_grinder
Temple:   nicolae_temple_hex_pool

Skill      XL: |  1  2  3  4  5  6 |
---------------+-------------------+-----
Stealth        | |  9.9
Invocations    | 1 2 |  2.5
Short Blades   | 1 2 |  2.3
Long Blades    | 1 2 |  2.3
Maces & Flails | 1 2 |  2.3
Polearms       | 1 2 |  2.3
Staves         | 1 2 |  2.3
Slings         | 1 2 |  2.3
Bows           | 1 2 |  2.3
Crossbows      | 1 2 |  2.3
Throwing       | 1 2 |  2.3
Armour         | 1 2 |  2.3
Shields        | 1 2 |  2.3
Unarmed Combat | 1 2 |  2.3
Spellcasting   | 1 2 |  2.3
Evocations     | 1 2 |  2.3
Conjurations   | 1 |  1.8
Hexes          | 1 |  1.8
Summonings     | 1 |  1.8
Necromancy     | 1 |  1.8
Translocations | 1 |  1.8
Transmutations | 1 |  1.8
Fire Magic     | 1 |  1.8
Ice Magic      | 1 |  1.8
Air Magic      | 1 |  1.8
Earth Magic    | 1 |  1.8
Poison Magic   | 1 |  1.8
Axes           | 5 |  5.1
Dodging        | 5 |  5.1
Fighting       | 7 |  7.0

Action                   |  1- 3 |  4- 6 |  7- 9 || total
-------------------------+-------+-------+-------++-------
Melee: Hand axe          |    74 |    62 |     3 ||   139
       Bite              |     5 |     9 |       ||    14
Throw: Boomerang         |    22 |    21 |       ||    43
Invok: Ancestor Identity |     1 |       |       ||     1
       Ancestor Life: Ba |       |     1 |       ||     1
Evoke: Wand              |       |     3 |       ||     3
  Use: Scroll            |     3 |     2 |       ||     5
       Potion            |       |     1 |       ||     1
 Stab: Sleeping          |    19 |     7 |       ||    26
Armor: Leather armour    |    11 |       |       ||    11
       Ring mail         |    10 |    15 |       ||    25
Dodge: Dodged            |    25 |    16 |       ||    41
       Repelled          |     1 |     3 |       ||     4
Block: Buckler           |     6 |    17 |       ||    23

Table legend: (Time is in decaauts)
 A = Elapsed time spent in this place.
 B = Non-inter-level travel time spent in this place.
 C = Inter-level travel time spent in this place.
 D = Time resting spent in this place.
 E = Time spent auto-exploring this place.
 F = Levels seen in this place.
 G = Mean time per level.
                   A        B        C        D        E       F      G
               +--------+--------+--------+--------+--------+-----+--------+
         Total |   3484 |   3359 |    125 |     87 |   2052 |   7 |  497.7 |
       Dungeon |   3478 |   3356 |    122 |     87 |   2052 |   6 |  579.7 |
        Temple |      6 |      3 |      3 |      0 |      0 |   1 |    6.0 |
               +--------+--------+--------+--------+--------+-----+--------+

Top non-repeatable levels by time:
     D:5: 920 daAuts
     D:2: 874 daAuts
     D:1: 824 daAuts
     D:3: 502 daAuts
     D:4: 285 daAuts
     D:6: 71 daAuts
  Temple: 6 daAuts
